 Dungeon Crawl Stone Soup version 0.26-a0-49-g0e6732e0a6 (webtiles) character file.

Game seed: 8684692185986639046

4 Maedhros the Charlatan (level 1, -5/13 HPs)
             Began as an Octopode Artificer on June 4, 2020.
             Killed by nerve-wracking pain
             ... invoked by Jessica
              (14 damage)
             ... on level 2 of the Dungeon.
             The game lasted 00:00:22 (71 turns).

Maedhros the Charlatan (Octopode Artificer)           Turns: 71, Time: 00:00:22

Health: -5/13      AC:  1    Str: 11    XL:     1   Next: 60%
Magic:  3/3        EV: 13    Int: 13    God:
Gold:   0          SH:  0    Dex: 12    Spells: 0/0 levels left

rFire    . . .     SeeInvis .   a - +0 short sword
rCold    . . .     Gourm    .   (no shield)
rNeg     . . .     Faith    .   (helmet restricted)
rPois    .         Spirit   .   (no amulet)
rElec    .         Reflect  .   (no ring)
rCorr    .         Harm     .   (no ring)
MR       .....                  (no ring)
Stlth    +++.......             (no ring)
HPRegen  0.04/turn              (no ring)
MPRegen  0.08/turn              (no ring)
                                (no ring)
                                (no ring)

@: no status effects
A: almost no armour, stealthy swim, amphibious, 8 rings, constrict 8, camouflage
1, gelatinous body 1
a: no special abilities


You were on level 2 of the Dungeon.
You were not hungry.

You visited 1 branch of the dungeon, and saw 2 of its levels.

Inventory:

Hand Weapons
 a - a +0 short sword (weapon)
Wands
 b - a wand of flame (15)
 c - a wand of enslavement (15)
 d - a wand of random effects (15)
Comestibles
 f - a ration


   Skills:
 - Level 1.0 Fighting
 - Level 1.0 Short Blades
 - Level 2.0 Dodging
 + Level 2.3 Stealth
 - Level 3.2 Evocations


You couldn't memorise any spells.
You didn't know any spells.
Your spell library was empty.

Dungeon Overview and Level Annotations

Branches:
Dungeon (2/15)

Altars:

Annotations:
D:2 Jessica


Innate Abilities, Weirdness & Mutations

You cannot wear most types of armour.
You are very stealthy in the water. (Stealth+)
You are amphibious.
You can wear up to eight rings at the same time.
You can use your tentacles to constrict eight enemies at once.
Your skin changes colour to match your surroundings (Stealth+).
Your rubbery body absorbs attacks. (AC +1, EV +1)


Message History

You see here a +0 club.
A goblin comes into view.
The helpless goblin fails to defend itself.
You hit the goblin.
You kill the goblin!
You see here a goblin corpse.
Found a stone staircase leading down.
There is a stone staircase leading down here.
You climb downwards.
There is a stone staircase leading up here.
Jessica the Apprentice Sorceress comes into view.
She is wielding a +3 dagger of speed and wearing a +1 robe of cold resistance.
Jessica shouts!
Jessica gestures wildly while chanting.
Jessica blinks!
You hit Jessica. Your grab misses Jessica.
Jessica is moderately wounded.
Jessica points at you and mumbles some strange words.
Pain shoots through your body!
Ouch! That really hurt!
You die...

.. .. .. .# .#
..## .#
.....#### ##.#
.......<## #..#
###......###@##
#####...##@#
##...#.#
#.#...# #..#..#
....##..#
#######..# ####


You could see Jessica.

Vanquished Creatures
  A ball python (D:1)
  A hobgoblin (D:1)
  A goblin (D:1)
  A rat (D:1)
4 creatures vanquished.

Notes
Turn   | Place    | Note
-------+----------+-------------------------------------------
     0 | D:1      | Maedhros the Octopode Artificer began the quest for the
                  | Orb.
     0 | D:1      | Reached XP level 1. HP: 13/13 MP: 3/3
    62 | D:2      | Noticed Jessica
    71 | D:2      | Killed from afar by Jessica

Illustrated notes

Levels and vault maps discovered:
D:1:      minmay_arrival_three_doors, layout_basic
D:2:      layout_rooms, led_sif_pool, uniq_terence, uniq_jessica

Skill      XL: |  1 |
---------------+----+-----
Stealth        | 2 |  2.3
Fighting       | |  1.0
Short Blades   | |  1.0
Dodging        | |  2.0
Evocations     | |  3.2

Action                   || total
-------------------------++-------
Melee: Short sword       ||     8
       Constrict         ||     3
       Tentacles         ||     1
 Stab: Sleeping          ||     1
Dodge: Dodged            ||     7

Table legend:
 A = Non-vault XP
 B = Vault XP
 C = Vault XP percentage of total XP
 D = Non-vault monster count
 E = Vault monster count
 F = Vault count percentage of total count
                 A         B        C        D         E       F
            +---------+---------+-------+---------+---------+-------
      Total |       6 |       0 |   0.0 |       4 |       0 |   0.0
            +---------+---------+-------+---------+---------+-------
        D:1 |       6 |       0 |   0.0 |       4 |       0 |   0.0
            +---------+---------+-------+---------+---------+-------
